Map: Blueshift LE

Players

Odin - Winner!

  • Race: Protoss Protoss
  • League: Platinum
  • Spawn Location: 7:00

VOD

Have the link to the VOD?

Description

Time

  • Played on: Dec. 19, 2018, 9:01 a.m.
  • Length: 4:32
Show
View Real Time Build Order
Export as new Build Order

Odin Protoss - Winner!

Build Orders:  

Get SALT Encoding   

  12  0:09  Probe (Chrono Boost)  
  13  0:20  Pylon  
  13  0:53  Probe (Chrono Boost)  
  13  0:57  Forge  
  15  1:10  Probe (Chrono Boost)  
  15  1:21  Gateway  
  15  1:27  Probe (Chrono Boost)  
  16  1:37  Pylon  
  16  1:45  Assimilator  
  16  2:08  Assimilator  
  16  2:11  Photon Cannon  
  16  2:28  Probe (Chrono Boost)  
  16  2:29  Gateway  
  17  2:50  Cybernetics Core  
  17  3:30  Photon Cannon  
  18  3:41  Probe (Chrono Boost)  
  18  3:58  Probe (Chrono Boost)  
Tags
 
Add a new tag
Caveats
  • Supply blocks, unpowered buildings, or Contaminate may cause inaccurate times.
  • Supply counts are checked every 10 seconds.